 Dungeon Crawl Stone Soup version 0.30-a0-728-gc68057be0a (webtiles) character file.

Game seed: 9709989258038268628

3140 brightshaft the Frost Mage (level 9, -1/62 HPs)
             Began as a Demigod Ice Elementalist on Jan 31, 2023.
             Shot with a bolt by an orc warrior (15 damage)
             ... on level 8 of the Dungeon on Feb 2, 2023.
             The game lasted 00:19:02 (7418 turns).

brightshaft the Frost Mage (DgIE)                   Turns: 7418, Time: 00:19:02

Health: -1/62      AC:  8    Str: 12    XL:     9   Next: 35%
Magic:  9/22       EV: 12    Int: 29    God:
Gold:   497        SH:  0    Dex: 26    Spells: 9/20 levels left

rFire   . . .      SeeInvis .    K - +8 mace of Understanding {flame, rElec Str+3}
rCold   . . .      Faith    .    (no shield)
rNeg    . . .      Spirit   .    J - +0 acid dragon scales
rPois   .          Reflect  .    (no helmet)
rElec   +          Harm     .    x - +0 cloak
rCorr   +          Rampage  .    (no gloves)
Will    .....                    w - +0 pair of boots
Stlth   ++                       (no amulet)
HPRegen 0.30/turn                l - +6 ring of dexterity
MPRegen 0.18/turn                u - +6 ring of dexterity

@: no status effects
A: high MP 1, forlorn, divine attributes
a: no special abilities


You were on level 8 of the Dungeon.
You visited 1 branch of the dungeon, and saw 8 of its levels.

You collected 497 gold pieces.

Inventory:

Hand Weapons
 m - a +1 short sword
 F - a +2 dagger of protection
 K - the +8 mace of Understanding (weapon) {flame, rElec Str+3}
   (You found it on level 8 of the Dungeon)

   Str:       It affects your strength (+3).
   rElec:     It insulates you from electricity.
 O - a +0 rapier
 P - a +0 dagger of venom
 Q - a +2 dagger of speed
 R - a +0 scimitar
Missiles
 o - 5 boomerangs
 G - 2 throwing nets
 H - 29 poisoned darts
Armour
 d - a scarf of resistance
 w - a +0 pair of boots (worn)
 x - a +0 cloak (worn)
 C - a +2 robe of positive energy
 J - +0 acid dragon scales (worn)
Jewellery
 e - a +6 ring of strength
 k - a ring of protection from cold
 l - a +6 ring of dexterity (left hand)
 u - a +6 ring of dexterity (right hand)
 A - an amulet of regeneration
Wands
 s - a wand of roots (19)
 B - a wand of quicksilver (10)
 D - a wand of digging (3)
 L - a wand of paralysis (7)
Scrolls
 i - a scroll of acquirement {unknown}
 n - 5 scrolls of identify {@r1}
 t - a scroll of blinking
 y - 2 scrolls of enchant armour {unknown}
 z - a scroll of magic mapping
 I - a scroll of enchant weapon
Potions
 a - a potion of brilliance {unknown}
 b - a potion of magic
 c - 2 potions of mutation {unknown}
 f - a potion of haste {unknown}
 g - 3 potions of degeneration {unknown}
 h - 4 potions of curing {unknown}
 j - 2 potions of invisibility
 p - 5 potions of heal wounds {unknown}
 q - a potion of cancellation {unknown}
 r - 3 potions of resistance {unknown}
 v - 2 potions of might {unknown}
 E - a potion of flight {unknown}
 M - a potion of ambrosia {unknown}
 N - 2 potions of attraction {unknown}


   Skills:
 - Level 1.7 Dodging
 - Level 1.7 Stealth
 + Level 6.1 Spellcasting
 + Level 4.9 Summonings
 * Level 10.0 Ice Magic


You had 9 spell levels left.
You knew the following spells:

 Your Spells              Type           Power      Damage    Failure   Level
a - Freeze                Ice            100%       1d10      1%          1
b - Frozen Ramparts       Ice            100%       1d16      1%          3
c - Ozocubu's Armour      Ice            61%        N/A       1%          3
d - Summon Ice Beast      Ice/Summ       51%        N/A       3%          4

Your spell library contained the following spells:

 Spells                   Type           Power      Damage    Failure   Level
 Call Imp                 Summ           37%        N/A       1%          2
 Magic Dart               Conj           32%        1d4       9%          1
 Necrotise                Necr           32%        1d5       9%          1
 Ice Form                 Ice/Tmut       38%        N/A       11%         4
 Lesser Beckoning         Tloc           16%        N/A       13%         2
 Sublimation of Blood     Necr           8%         N/A       13%         2
 Wereblood                Tmut           8%         N/A       13%         2
 Gell's Gravitas          Tloc           8%         N/A       26%         3
 Mephitic Cloud           Conj/Pois/Air  8%         N/A       26%         3
 Teleport Other           Tloc           8%         N/A       26%         3
 Vampiric Draining        Necr           8%         2d6       26%         3
 Agony                    Necr           8%         N/A       93%         5
 Summon Hydra             Summ           18%        N/A       100%        7


Dungeon Overview and Level Annotations

Branches:
Dungeon (8/15)             Temple (0/1) D:5
   Lair: D:8-11

Shops:
D:1 [   D:4 *


Innate Abilities, Weirdness & Mutations

You have an increased reservoir of magic. (+10% MP)
You shall have no god before yourself.
Your divine heritage dramatically boosts your attributes as you level up.


Message History

The bolt closely misses your ice beast. The bolt hits you.
Something hits your ice beast but does no damage.
The orc priest barely misses your ice beast.
The wall freezes the orc warrior but does no damage.
The orc warrior shoots a bolt.
The bolt hits your ice beast!
Your ice beast dies!
Your ice beast disappears in a puff of smoke!
The wall freezes the orc warrior.
The wall freezes something.
Something hits you but does no damage.
The wall freezes the orc priest!
You kill the orc priest!
The wall freezes the orc warrior!
The orc warrior shoots a bolt.
Reactivating autopickup.
You feel a bit more experienced.
The wall freezes the orc warrior but does no damage.
The orc warrior shoots a bolt.
The bolt hits you but does no damage.
Casting: Freeze (safe; 1% risk of failure)
Confirm with . or Enter, or press ? or * to list all spells.
A chill wind blows around you.
The frozen ramparts melt away.
The orc warrior shoots a bolt.
The bolt hits you.
Your icy armour will break if you move.
Continue? [Y]es or [N]o only, please.
Your icy armour will break if you move.
Continue?
Okay, then.
The orc warrior shoots a bolt.
The bolt barely misses you.
Your icy armour will break if you move.
Continue? [Y]es or [N]o only, please.
Your icy armour will break if you move.
Continue?
Your icy armour cracks and falls away as you move.
The orc wizard points at you and mumbles some strange words.
The puff of flame misses you.
The orc warrior shoots a bolt.
The bolt hits you!!
* * * LOW HITPOINT WARNING * * *
You see here a +0 short sword.
You swap places.
Your ice beast closely misses the orc wizard.
Your ice beast hits the orc wizard.
Your ice beast freezes the orc wizard!
The orc wizard dies!
The orc warrior shoots a bolt.
The bolt hits you!
You die...

##....# ....
#.....## ....
...... .... #....#
#.[. #....# #..
#....# #.. #
#..).##.# ##.
###.######o)...#
#.
.......@.)Y#####
##. .........###
#.. .........# #..
.........########
#..
#########.......#
### #.......#
#.......#
#.......## #
...........#######


You could see an orc warrior and a friendly ice beast (summoned).

Vanquished Creatures
  Sigmund (D:4)
  An orc warrior (D:6)
  An ice beast (D:6)
  5 black bears
  2 ogres
  2 kobold brigands
  A phantom (D:5)
  A bullfrog (D:7)
  A necrophage (D:5)
  2 wights (D:7)
  5 killer bees (D:5)
  4 hounds
  2 orc priests (D:8)
  A gnoll bouda (D:6)
  2 jellies
  4 iguanas
  6 orc wizards
  7 gnolls
  8 adders
  A shadow imp (D:6)
  3 worms
  2 dart slugs
  18 orcs
  2 ball pythons (D:1)
  5 endoplasms
  A giant cockroach (D:2)
  6 goblins
  4 hobgoblins
  2 quokkas (D:1)
  5 bats
  3 frilled lizards
  16 kobolds
  7 rats
131 creatures vanquished.

Vanquished Creatures (collateral kills)
  Maggie (D:7)
  An ice beast (D:7)
  An ogre (D:6)
  2 kobold brigands (D:7)
  A scorpion (D:6)
  A wight (D:7)
  An orc wizard (D:8)
  An ufetubus (D:6)
  4 kobolds (D:7)
13 creatures vanquished.

Vanquished Creatures (others)
  An orc wizard (D:8)
  12 plants
13 creatures vanquished.

Grand Total: 157 creatures vanquished

Notes
Turn   | Place    | Note
-------+----------+-------------------------------------------
     0 | D:1      | brightshaft the Demigod Ice Elementalist began the quest
                  | for the Orb.
     0 | D:1      | Reached XP level 1. HP: 14/14 MP: 5/5
    21 | D:1      | Found Hidang's Antique Armour Boutique.
   280 | D:1      | Reached XP level 2. HP: 20/20 MP: 0/7
   302 | D:1      | Reached skill level 4 in Ice Magic
   939 | D:2      | Reached XP level 3. HP: 24/26 MP: 9/9
  1512 | D:2      | Learned a level 3 spell: Frozen Ramparts
  2145 | D:3      | Learned a level 3 spell: Ozocubu's Armour
  2283 | D:3      | Reached XP level 4. HP: 26/33 MP: 6/10
  2378 | D:4      | Reached skill level 5 in Ice Magic
  2947 | D:4      | Reached XP level 5. HP: 20/38 MP: 5/12
  3226 | D:4      | Noticed a black bear
  3228 | D:4      | Found Fiuf's Assorted Antiques.
  3239 | D:4      | Killed a black bear
  3240 | D:4      | Reached skill level 6 in Ice Magic
  3240 | D:4      | Reached XP level 6. HP: 27/45 MP: 3/14
  3387 | D:4      | Noticed Sigmund
  3409 | D:4      | Killed Sigmund
  3719 | D:4      | Learned a level 4 spell: Summon Ice Beast
  3747 | D:5      | Entered Level 5 of the Dungeon
  3758 | D:5      | Found a staircase to the Ecumenical Temple.
  3839 | D:5      | Reached XP level 7. HP: 49/50 MP: 9/16
  3914 | D:5      | Reached skill level 1 in Summonings
  3914 | D:5      | Reached skill level 7 in Ice Magic
  4941 | D:5      | Reached XP level 8. HP: 50/57 MP: 11/18
  5240 | D:6      | Reached skill level 8 in Ice Magic
  5341 | D:6      | Reached skill level 5 in Spellcasting
  6368 | D:7      | Reached skill level 9 in Ice Magic
  6690 | D:7      | Reached XP level 9. HP: 62/62 MP: 13/21
  7170 | D:7      | Noticed Maggie
  7187 | D:7      | Killed Maggie
  7331 | D:8      | Identified the +8 mace of Understanding {flame, rElec
                  | Str+3}
  7406 | D:8      | Reached skill level 10 in Ice Magic
  7418 | D:8      | Shot with a bolt by an orc warrior

Illustrated notes

Levels and vault maps discovered:
D:1:      dpeg_arrival_refuge, layout_rooms, serial_shops, shop
D:2:      layout_basic
D:3:      layout_loops_ring, okawaru_metal_pillars_1_2, minmay_misc_feat_doors,
          minmay_fractal_squares_5
D:4:      layout_loops_cross, lemuel_crystal_altar, serial_shops,
          nicolae_shop_overgrown_old_shop, uniq_sigmund
D:5:      layout_basic, minmay_temple_entry_wispy, lexackson_kobold_supper
D:6:      kennysheep_spiral_hall, layout_rooms, dreamdust_wishing_well
D:7:      layout_cave_pools, uniq_maggie
D:8:      layout_rooms

Skill      XL: |  1  2  3  4  5  6  7  8  9 |
---------------+----------------------------+-----
Spellcasting   | 2 3 4 5 6 |  6.1
Ice Magic      | 4 5 6 7 9 10 | 10.0
Summonings     | 2 4 |  4.9
Dodging        | |  1.7
Stealth        | |  1.7

Action                     |  1- 3 |  4- 6 |  7- 9 || total
---------------------------+-------+-------+-------++-------
  Melee: Unarmed           |     6 |       |       ||     6
         Short sword       |    24 |    20 |    42 ||    86
         Punch             |       |     1 |     2 ||     3
         Dagger            |       |       |   152 ||   152
   Cast: Freeze            |    44 |    45 |    66 ||   155
         Frozen Ramparts   |     2 |     6 |    11 ||    19
         Ozocubu's Armour  |       |     4 |     6 ||    10
         Summon Ice Beast  |       |       |    14 ||    14
    Use: Scroll            |     8 |       |       ||     8
   Stab: Sleeping          |     2 |     1 |     4 ||     7
         Distracted        |       |       |     4 ||     4
 Armour: Robe              |    19 |    20 |    80 ||   119
         Acid dragon scale |       |       |     2 ||     2
  Dodge: Dodged            |    43 |    52 |   141 ||   236

Table legend: (Time is in decaauts)
 A = Elapsed time spent in this place.
 B = Non-inter-level travel time spent in this place.
 C = Inter-level travel time spent in this place.
 D = Time resting spent in this place.
 E = Time spent auto-exploring this place.
 F = Levels seen in this place.
 G = Mean time per level.
                   A        B        C        D        E       F      G
               +--------+--------+--------+--------+--------+-----+--------+
         Total |   7413 |   7153 |    260 |      0 |   5763 |   8 |  926.6 |
       Dungeon |   7413 |   7153 |    260 |      0 |   5763 |   8 |  926.6 |
               +--------+--------+--------+--------+--------+-----+--------+

Top non-repeatable levels by time:
     D:5: 1348 daAuts
     D:4: 1275 daAuts
     D:6: 1254 daAuts
     D:2: 1061 daAuts
     D:7: 978 daAuts
     D:1: 704 daAuts
     D:3: 703 daAuts
     D:8: 87 daAuts
